 Dungeon Crawl Stone Soup version 0.18-a0-1413-g4eaa9ac (webtiles) character file.

211 Ijustatesigmund the Insei (level 5, 0/34 HPs)
             Began as an Octopode Transmuter on Feb 25, 2016.
             Slain by an orc priest
             ... wielding a +0 hand axe
              (5 damage)
             ... on level 4 of the Dungeon.
             The game lasted 00:10:40 (3569 turns).

Ijustatesigmund the Insei (Octopode Transmuter)     Turns: 3569, Time: 00:10:40

Health: 0/34       AC:  1    Str: 13    XL:     5   Next: 88%
Magic:  8/8        EV: 18    Int: 16    God:
Gold:   111        SH:  0    Dex: 17    Spells: 3 memorised, 2 levels left

rFire  . . .     SeeInvis +       - Unarmed
rCold  . . .     Gourm    .     (no shield)
rNeg   + . .     Faith    .     (helmet restricted)
rPois  .         Spirit   .     (no amulet)
rElec  .         Dismiss  .     i - ring of see invisible
rCorr  .         Reflect  .     f - ring of positive energy
SustAt +         Harm     .     m - +3 ring of strength
MR     +....                    n - ring of protection from magic
Stlth  ++++......               o - ring of sustain attributes
                                (no ring)
                                (no ring)
                                (no ring)

@: agile, appendage, somewhat resistant to hostile enchantments, stealthy
A: almost no armour, amphibious, 8 rings, constrict 8, tentacle spike 3,
camouflage 1, gelatinous body 1
a: End Transformation


You were on level 4 of the Dungeon.
You were not hungry.
One of your tentacles had a temporary spike.
You visited 1 branch of the dungeon, and saw 4 of its levels.

You collected 111 gold pieces.

Inventory:

Missiles
 a - 32 arrows
 h - 4 tomahawks (quivered)
 k - 12 poisoned needles
Jewellery
 f - a ring of positive energy (right tentacle)
 i - a ring of see invisible (left tentacle)
 m - a +3 ring of strength (on tentacle)
 n - a ring of protection from magic (on tentacle)
 o - a ring of sustain attributes (on tentacle)
Scrolls
 p - 2 scrolls of remove curse
Potions
 d - a potion of ambrosia
 g - 2 potions of cancellation
Books
 b - a book of Changes

   Spells                             Type                      Level
   a - Beastly Appendage              Transmutation                1
   b - Sticks to Snakes               Transmutation                2
   c - Spider Form                    Transmutation/Poison         3
   d - Ice Form                       Ice/Transmutation            4
   e - Blade Hands                    Transmutation                5
Comestibles
 c - 2 bread rations
 j - a meat ration
 q - a chunk of flesh


   Skills:
 - Level 2.0 Fighting
 - Level 2.0 Dodging
 + Level 4.0 Unarmed Combat
 - Level 2.6 Spellcasting
 + Level 3.6 Transmutations
 + Level 2.2 Ice Magic


You had 2 spell levels left.
You knew the following spells:

 Your Spells              Type           Power        Failure   Level  Hunger
a - Beastly Appendage     Trmt           ##....       6%          1    #......
b - Sticks to Snakes      Trmt           ##......     10%         2    ##.....
c - Ice Form              Ice/Trmt       ##......     63%         4    #####..


Dungeon Overview and Level Annotations

Branches:
Dungeon (4/15)
 Temple: D:4-7

Altars:
Sif Muna
Xom

Annotations:
D:4 Uberwunderbarhen's ghost, amateur OpTm


Innate Abilities, Weirdness & Mutations

You cannot wear most types of armour.
You are amphibious.
You can wear up to eight rings at the same time.
You can use your tentacles to constrict eight enemies at once.
Your skin changes colour to match your surroundings (Stealth).
Your rubbery body absorbs attacks (AC +1).
One of your tentacles bears a large vicious spike.


Message History

You tentacle-slap the orc priest. You squeeze the orc priest.
The orc priest is heavily wounded.
You constrict the orc priest. x2; The orc priest completely misses you.
The orc priest casts a cantrip, but nothing happens.
The orc completely misses you. The orc closely misses you.
The orc completely misses you.
You tentacle-slap the orc priest.
The orc priest is moderately wounded.
You constrict the orc priest, but do no damage.
You constrict the orc priest.
The orc priest hits you but does no damage.
The orc priest barely misses you. The orc misses you. x2
The orc hits you with a dagger.
* * * LOW HITPOINT WARNING * * *
You tentacle-slap the orc priest.
You pierce the orc priest, but do no damage.
The orc priest is severely wounded.
You constrict the orc priest. x2
The orc priest hits you with a hand axe.
You die...

# .# #####.#
### #
#.....###>
..
#.#.........
.#
#..oo!.$....
#.###
#o@o..#
<..$#
#..o..#
#.#.#
####### ...
.#...
##..... ..#.
##


You could see 2 orc priests and 3 orcs.

Vanquished Creatures
  2 orc priests (D:3)
  An orc wizard (D:3)
  4 adders
  An ooze (D:3)
  A worm (D:2)
  2 dart slugs
  2 giant geckos
  8 orcs (D:3)
  4 giant cockroaches (D:3)
  6 goblins
  10 hobgoblins
  2 jackals (D:3)
  11 kobolds
  A quokka (D:3)
  A ball python (D:3)
  7 bats
  4 giant newts (D:2)
  5 rats
72 creatures vanquished.

Notes
Turn   | Place    | Note
--------------------------------------------------------------
     0 | D:1      | Ijustatesigmund the Octopode Transmuter began the quest for the Orb.
     0 | D:1      | Reached XP level 1. HP: 13/13 MP: 3/3
   309 | D:1      | Reached XP level 2. HP: 18/18 MP: 5/5
   313 | D:1      | Learned a level 2 spell: Sticks to Snakes
   795 | D:2      | Reached XP level 3. HP: 14/23 MP: 4/6
  1198 | D:2      | Found a deep blue altar of Sif Muna.
  1389 | D:2      | Reached XP level 4. HP: 29/29 MP: 5/7
  1395 | D:2      | Learned a level 4 spell: Ice Form
  1436 | D:2      | Found a shimmering altar of Xom.
  2085 | D:3      | Reached skill level 1 in Ice Magic
  2241 | D:3      | Reached XP level 5. HP: 32/34 MP: 8/8
  2956 | D:3      | Reached skill level 4 in Unarmed Combat
  3396 | D:4      | Noticed Uberwunderbarhen's ghost (amateur OpTm)
  3569 | D:4      | Slain by an orc priest

Vault maps used:
D:1:      ncdulo_halloftheorcs
D:2:      overflow_temple_1_default, old_standard_altar, first_bread
D:4:      gammafunk_temple_overflow_wave, small_statue_intersection,
          minmay_small_thing, uniq_sigmund

Skill      XL: |  1  2  3  4  5 |
---------------+----------------+-----
Fighting       | 2 |  2.0
Transmutations | 3 |  3.6
Ice Magic      | 1 2 |  2.2
Unarmed Combat | 4 |  4.0
Dodging        | |  2.0
Spellcasting   | |  2.6

Action                   |  1- 3 |  4- 6 || total
-------------------------+-------+-------++-------
Melee: Unarmed           |    50 |   117 ||   167
Throw: Tomahawk          |     4 |       ||     4
 Cast: Beastly Appendage |     4 |     4 ||     8
       Sticks to Snakes  |       |     1 ||     1
  Use: Scroll            |     8 |     4 ||    12
       Potion            |       |     3 ||     3
 Stab: Sleeping          |     3 |     3 ||     6
  Eat: Chunk             |     1 |     4 ||     5
       Bread ration      |       |     1 ||     1
